 Dungeon Crawl Stone Soup version 0.30-a0-996-ga6910c8ee8 (webtiles) character file.

Game seed: 8008378330150348512

7648 ytrimaz the Brawler (level 10, -2/90 HPs)
             Began as a Troll Transmuter on Apr 5, 2023.
             Was a Priest of Hepliaklqana.
             Slain by an eight-headed hydra (5 damage)
             ... on level 10 of the Dungeon.
             The game lasted 00:11:14 (7621 turns).

ytrimaz the Brawler (Troll Transmuter)              Turns: 7621, Time: 00:11:14

Health: -2/90      AC:  6    Str: 24    XL:     10   Next: 99%
Magic:  10/10      EV:  9    Int: 12    God:    Hepliaklqana [***...]
Gold:   466        SH:  0    Dex:  9    Spells: 8/11 levels left

rFire   . . .      SeeInvis +      - Unarmed
rCold   + . .      Faith    .    (no shield)
rNeg    . . .      Spirit   .    a - +0 robe
rPois   .          Reflect  .    (helmet restricted)
rElec   .          Rampage  .    h - +1 cloak
rCorr   .                        (gloves unavailable)
Will    .....                    (boots unavailable)
Stlth   +                        g - amulet of the acrobat
HPRegen 1.15/turn                i - ring of protection from cold
MPRegen 0.12/turn                (no ring)

@: no status effects
A: reduced essence, large, unfitting armour, claws 3, regeneration 1, shaggy fur
1, tough skin 1, see invisible, strong 1, wild magic 1
a: Renounce Religion, Recall Ancestor, Ancestor Identity, Transference


You were on level 10 of the Dungeon.
You worshipped Hepliaklqana.
Hepliaklqana was most pleased with you.
You visited 2 branches of the dungeon, and saw 11 of its levels.
You also visited: Ossuary.

You collected 670 gold pieces.
You spent 204 gold pieces at shops.


Innate Abilities, Weirdness & Mutations

Your life essence is reduced to manifest your ancestor. (-10% HP)
You are too large for most types of armour.
You have claws for hands.
Your natural rate of healing is unusually fast.
You are covered in fur. (AC +1)
You have tough skin. (AC +1)
You have supernaturally acute eyesight. (SInv)
Your muscles are strong. (Str +4, Int/Dex -1)
Your spells are a little harder to cast, but a little more powerful.


   Skills:
 + Level 6.4 Fighting
 - Level 1.5 Dodging
 - Level 15.0 Unarmed Combat
 - Level 1.2 Spellcasting
 + Level 2.3 Transmutations


You had 8 spell levels left.
You knew the following spells:

 Your Spells              Type           Power      Damage    Failure   Level
a - Beastly Appendage     Tmut           16%        N/A       16%         1
b - Wereblood             Tmut           8%         N/A       24%         2

Your spell library contained the following spells:

 Spells                   Type           Power      Damage    Failure   Level
 Passwall                 Tmut/Erth      3%         N/A       34%         2
 Apportation              Tloc           0%         N/A       38%         1
 Magic Dart               Conj           0%         1d3       38%         1
 Necrotise                Necr           0%         1d4       38%         1
 Summon Small Mammal      Summ           0%         N/A       38%         1
 Ensorcelled Hibernation  Hex/Ice        0%         N/A       50%         2
 Searing Ray              Conj           0%         2d4       50%         2
 Spider Form              Tmut/Pois      4%         N/A       56%         3
 Inner Flame              Hex/Fire       0%         N/A       73%         3
 Swiftness                Air            0%         N/A       73%         3
 Ice Form                 Ice/Tmut       4%         N/A       91%         4
 Cause Fear               Hex            0%         N/A       98%         4
 Fulminant Prism          Conj/Hex       0%         3d5       98%         4
 Discord                  Hex            0%         N/A       100%        8

Inventory:

Missiles
 r - a throwing net
Armour
 a - a +0 robe (worn)
 h - a +1 cloak (worn)
   (You found it on level 1 of the Dungeon)
Jewellery
 g - an amulet of the acrobat (around neck)
   (You found it on level 6 of the Dungeon)
 i - a ring of protection from cold (left claw)
   (You found it on level 1 of the Dungeon)
 q - the amulet "Doriamuj" {Spirit *Slow Fly rC++ Dex+3}
   (You bought it in a shop on level 5 of the Dungeon)

   [amulet of guardian spirit]

   It causes incoming damage to be divided between your reserves of health and
   magic.
   Dex:       It affects your dexterity (+3).
   rC:        It greatly protects you from cold.
   Fly:       It grants you flight.
   *Slow:     It may slow you when you take damage.
Wands
 p - a wand of flame (11)
   (You found it on level 4 of the Dungeon)
 t - a wand of roots (10)
   (You found it on level 5 of the Dungeon)
Scrolls
 b - 2 scrolls of fear
 f - 3 scrolls of teleportation
 l - 2 scrolls of magic mapping
 m - 4 scrolls of torment
 s - a scroll of blinking
 v - 3 scrolls of enchant weapon
 x - a scroll of enchant armour
Potions
 c - 3 potions of flight
 d - 6 potions of curing
 e - 6 potions of brilliance
 j - a potion of haste
 k - a potion of attraction
 n - 2 potions of mutation
 o - 4 potions of cancellation
 u - 2 potions of ambrosia
 w - 3 potions of heal wounds
 z - 3 potions of resistance
 A - 2 potions of might {unknown}

Dungeon Overview and Level Annotations

Branches:
Dungeon (10/15) Zot: 26412  Temple (1/1) D:4 Zot: 5917 Ossuary (visited)
   Lair: D:8-11         Orc: D:9-12

Altars:
Ashenzari
Cheibriados
Dithmenos
Elyvilon
Fedhas
Gozag
Hepliaklqana
Kikubaaqudgha
Makhleb
Nemelex Xobeh
Okawaru
Qazlal
Ru
Sif Muna
Trog
Uskayaw
Vehumet
Wu Jian
Xom
Yredelemnul
Zin
The Shining One

Shops:
D:5 [**?   D:7 [?

Annotations:
D:10 3 runed translucent doors, Jackthecabe's ghost, journeyman VSBr

#.#######...# #.#
###.# #.# #### ###
#.# #..# #.####.##
#####
..#....####.~)#
.#..#####.##.#### #
...##
#.##.##.##.##$#
..##
#~))~).R@DยงRโ—‹ยง#
...##
#.##.##.##o##.#
##..# ####.#### #
....## #.~.# ###..#
##.##
############'###
..............>#
################


You could see the friendly Artakama the hexer, an eight-headed hydra (ally
target), an efreet and an orc wizard.


Message History

Artakama hits the orc wizard with a +0 dagger of draining. ๐Ÿ˜• HP[+1]
You swap places.
The orc wizard gestures wildly while chanting.
The orc wizard flickers and vanishes for a moment.
The centaur shoots an arrow.
The arrow hits the orc wizard.
Artakama casts a spell at the orc wizard.
The orc wizard resists with some effort. ๐Ÿ˜• HP[+1] Unknown command.
You claw the orc wizard!
You kill the orc wizard!
The centaur shoots an arrow.
The arrow hits you.
The centaur unwields a +0 shortbow.
The centaur hits you.
The centaur kicks you but does no damage.
Things that are here:
a +0 dagger; a +0 robe; 17 gold pieces Unknown command.
You scratch the centaur but do no damage.
The centaur closely misses you. x2 ๐Ÿ˜• HP[+1] Unknown command.
You completely miss the centaur. The centaur hits you. The centaur kicks you.
Artakama casts a spell at the centaur.
The centaur resists with some effort. ๐Ÿ˜• HP[-7]
You take 7 damage, and now have 74/90 hp.
You mangle the centaur!!
You kill the centaur! ๐Ÿ˜• HP[+1]
You now have 432 gold pieces (gained 11).
Things that are here:
a +0 shortbow; a centaur corpse ๐Ÿ˜• HP[+2]
You regained 2 hp, and now have 77/90 hp.
Unknown command.
You enter the shallow water. ๐Ÿ˜• HP[+1] Artakama is no longer moving slowly.
You swap places.
Things that are here:
a +0 shortbow; a centaur corpse You now have 449 gold pieces (gained 17).
Things that are here:
a +0 dagger; a +0 robe
Things that are here:
a +4 spear of venom; a +0 scale mail; ๐Ÿ˜Ž HP[+12]
Your hp is fully restored (90).
You now have 466 gold pieces (gained 17).
You swap places.
Things that are here:
a +4 spear of venom; a +0 scale mail A five-headed hydra comes into view.
The five-headed hydra roars!
You hear a shout!
You hear a horrible gurgling sound!
A five-headed hydra is nearby!
A five-headed hydra is nearby!
A five-headed hydra is nearby!
Unknown command.
You enter the shallow water.
An efreet comes into view.
It is wielding a +2 scimitar of flaming.
You tear one of the five-headed hydra's heads off!
The four-headed hydra grows two more!
You mangle the six-headed hydra!!
Unknown command.
You tear one of the six-headed hydra's heads off!
The five-headed hydra grows two more!
You claw the seven-headed hydra!
The seven-headed hydra bites you but does no damage. x2
The seven-headed hydra bites you.
The seven-headed hydra barely misses you. x2
The seven-headed hydra bites you. x2
The efreet gestures at you.
The bolt of fire hits the seven-headed hydra!!
The bolt of fire hits you!!
The bolt of fire misses Artakama.
Artakama points at the seven-headed hydra and mumbles some strange words.
The seven-headed hydra resists with almost no effort. ๐Ÿ˜ฎ HP[-31]
You take 31 damage, and now have 59/90 hp.
MASSIVE DAMAGE!! (PAUSE)
You strike the helpless seven-headed hydra from behind!
You scratch the seven-headed hydra. You claw the seven-headed hydra.
The seven-headed hydra bites you. The seven-headed hydra bites you!
* * * LOW HITPOINT WARNING * * *
The seven-headed hydra barely misses you.
The seven-headed hydra bites you.
* * * LOW HITPOINT WARNING * * *
The seven-headed hydra bites you!
* * * LOW HITPOINT WARNING * * *
The seven-headed hydra closely misses you.
The seven-headed hydra bites you!
* * * LOW HITPOINT WARNING * * *
An orc wizard comes into view.
It is wielding a +0 dagger. ๐Ÿ˜ฑ HP[-46]
You take 46 damage, and now have 13/90 hp.
MASSIVE DAMAGE!! (PAUSE)
You tear one of the seven-headed hydra's heads off!
The six-headed hydra grows two more!
You mangle the eight-headed hydra!! The eight-headed hydra bites you!
* * * LOW HITPOINT WARNING * * *
The eight-headed hydra bites you.
You die...

Skill      XL: |  1  2  3  4  5  6  7  8  9 10 |
---------------+-------------------------------+-----
Unarmed Combat | 4 5 6 8 10 12 14 15 | 15.0
Fighting       | 6 |  6.4
Transmutations | 2 |  2.3
Dodging        | |  1.5
Spellcasting   | |  1.2

Action                     |  1- 3 |  4- 6 |  7- 9 | 10-12 || total
---------------------------+-------+-------+-------+-------++-------
  Melee: Unarmed           |    56 |    59 |   257 |   152 ||   524
         Punch             |     1 |     3 |     4 |    11 ||    19
         Headbutt          |       |     1 |     4 |     1 ||     6
         Kick              |       |       |     8 |     3 ||    11
   Cast: Beastly Appendage |     1 |     1 |     9 |     2 ||    13
         Wereblood         |       |     1 |     5 |       ||     6
 Invoke: Ancestor Life: He |       |       |     1 |       ||     1
         Recall Ancestor   |       |       |       |     2 ||     2
    Use: Scroll            |     4 |     5 |     8 |     6 ||    23
         Potion            |       |     2 |     3 |       ||     5
   Stab: Sleeping          |     2 |       |       |       ||     2
         Confused          |       |       |       |     4 ||     4
         Distracted        |       |       |       |     2 ||     2
 Armour: Robe              |    24 |    17 |    76 |    42 ||   159
         Skin              |       |     4 |       |       ||     4
  Dodge: Dodged            |    29 |    16 |   111 |   110 ||   266

Levels and vault maps discovered:
D:1:      arrival_zaba_pyramid, layout_basic, chequers_serial_rivers_small_a
D:2:      layout_loops_ring, minmay_heptomino_h4, uniq_sigmund, uniq_natasha
D:3:      layout_rooms, nicolae_overflow_squiral, trog_wizard, uniq_grinder
D:4:      cheibrodos_quashed, layout_loops_ring, minitemple,
          minmay_temple_entry_glassed_door
D:5:      kennysheep_kobold_camp, layout_basic, mainiacjoe_overflow_chevrons,
          mainiacjoe_overflow_small_starburst, serial_shops,
          kennysheep_mini_moat, shop, kennysheep_mini, shop, minmay_bent,
          uniq_pikel
D:6:      minmay_evil_eye, layout_loops_corners
D:7:      layout_loops_corners, eat_drink_and_be_merry_uskayaw, serial_shops,
          nicolae_take_the_stairs, nicolae_shop_trees, dreamdust_gnoll_shepherd,
          uniq_prince_ribbit1
D:8:      layout_cave_pools, enter_ossuary_2
D:9:      layout_cross, uniq_grum
D:10:     hangedman_cross_veins, layout_rooms, elyvilon_altar_4,
          nicolae_yredelemnul_ghost_church
Temple:   nicolae_temple_x_marks_the_god

Notes
Turn   | Place    | Note
-------+----------+-------------------------------------------
     0 | D:1      | ytrimaz the Troll Transmuter began the quest for the Orb.
     0 | D:1      | Reached XP level 1. HP: 18/18 MP: 1/1
     0 | D:1      | magus.rc [v1.9.6]
   136 | D:1      | You pick up a book of Cantrips and begin reading...
   136 | D:1      | You add the spells Necrotise, Summon Small Mammal and
                  | Apportation to your library.
   732 | D:2      | Reached XP level 2. HP: 26/26 MP: 2/2
   814 | D:2      | Noticed Natasha
   818 | D:2      | Killed Natasha
   819 | D:2      | Reached skill level 4 in Unarmed Combat
   819 | D:2      | Reached XP level 3. HP: 32/32 MP: 3/3
   935 | D:2      | Noticed Natasha
   944 | D:2      | Killed Natasha
   945 | D:2      | Reached skill level 5 in Unarmed Combat
   945 | D:2      | Reached XP level 4. HP: 40/40 MP: 4/4
   964 | D:2      | Identified the +1 falchion "Orb Guardian's Regret" {drain,
                  | Int+2}
  1173 | D:2      | Noticed Sigmund
  1185 | D:2      | Killed Sigmund
  1186 | D:2      | Reached skill level 6 in Unarmed Combat
  1186 | D:2      | Reached XP level 5. HP: 44/46 MP: 5/5
  1418 | D:3      | Reached XP level 6. HP: 45/54 MP: 6/6
  1439 | D:3      | Learned a level 2 spell: Wereblood
  1452 | D:3      | You pick up a book of Burglary and begin reading...
  1452 | D:3      | You add the spells Passwall, Ensorcelled Hibernation and
                  | Swiftness to your library.
  1557 | D:3      | Noticed Grinder
  1572 | D:3      | Paralysed by Grinder for 2 turns
  1575 | D:3      | Paralysed by Grinder for 5 turns
  1593 | D:3      | Killed Grinder
  1594 | D:3      | Reached skill level 7 in Unarmed Combat
  1703 | D:3      | Found a bloodstained altar of Trog.
  1707 | D:3      | Noticed a wizard
  1713 | D:3      | Killed a wizard
  1818 | D:3      | Found a broken altar of Ashenzari.
  1819 | D:3      | Found a sparkling altar of Nemelex Xobeh.
  1908 | D:4      | Reached skill level 8 in Unarmed Combat
  1908 | D:4      | Reached XP level 7. HP: 45/61 MP: 7/7
  2060 | D:4      | Found a staircase to the Ecumenical Temple.
  2069 | Temple   | Entered the Ecumenical Temple
  2144 | Temple   | Became a worshipper of Hepliaklqana the Forgotten
  2459 | D:4      | Reached skill level 9 in Unarmed Combat
  2675 | D:4      | Found a shimmering altar of Xom.
  2676 | D:4      | Found a snail-covered altar of Cheibriados.
  2748 | D:5      | Entered Level 5 of the Dungeon
  2854 | D:5      | Found Hybuxa's Magic Scroll Shop.
  2858 | D:5      | Found Piameu's Assorted Antiques.
  2878 | D:5      | Bought a steaming ruby amulet for 150 gold pieces
  2878 | D:5      | Identified the amulet "Doriamuj" {Spirit *Slow Fly rC++
                  | Dex+3} (You bought it in a shop on level 5 of the Dungeon)
  2882 | D:5      | Bought a scroll of identify for 28 gold pieces
  2987 | D:5      | Found a shimmering blue altar of Sif Muna.
  3022 | D:5      | Noticed Pikel
  3042 | D:5      | Killed Pikel
  3043 | D:5      | Reached skill level 10 in Unarmed Combat
  3043 | D:5      | Reached XP level 8. HP: 58/68 MP: 4/8
  3061 | D:5      | Reached skill level 11 in Unarmed Combat
  3191 | D:5      | Found an ancient bone altar of Kikubaaqudgha.
  3216 | D:5      | Reached * piety under Hepliaklqana
  3258 | D:5      | Found Keboab's Armour Shop.
  3488 | D:5      | Found Natihac's Assorted Antiques.
  3491 | D:5      | Bought a metallic puce potion for 26 gold pieces
  3542 | D:5      | Reached skill level 12 in Unarmed Combat
  3800 | D:6      | Reached XP level 9. HP: 60/67 MP: 9/9
  3855 | D:6      | HP: 15/64 [wight/+2 scimitar (15)]
  3859 | D:6      | Gained mutation: Your spells are a little harder to cast,
                  | but a little more powerful. [potion of mutation]
  3859 | D:6      | Gained mutation: Your muscles are strong. (Str +4, Int/Dex
                  | -1) [potion of mutation]
  3859 | D:6      | Gained mutation: You have supernaturally acute eyesight.
                  | (SInv) [potion of mutation]
  3859 | D:6      | HP: 4/63 [wight/+2 scimitar (15)]
  3859 | D:6      | HP: 1/61 [wight/+2 scimitar (3)]
  3902 | D:6      | HP: 13/61 [wight/+0 great sword (14)]
  3902 | D:6      | HP: 6/59 [wight/+0 great sword (7)]
  4031 | D:6      | You pick up a book of Conjurations and begin reading...
  4031 | D:6      | You add the spells Magic Dart, Searing Ray and Fulminant
                  | Prism to your library.
  4109 | D:6      | Reached skill level 13 in Unarmed Combat
  4743 | D:7      | Noticed Prince Ribbit
  4755 | D:7      | Killed Prince Ribbit
  4919 | D:7      | Reached ** piety under Hepliaklqana
  4931 | D:7      | Remembered your ancestor Artakama as a hexer
  4932 | D:7      | Found a hide-covered altar of Uskayaw.
  5174 | D:7      | Reached skill level 14 in Unarmed Combat
  5293 | D:7      | Reached XP level 10. HP: 54/74 MP: 10/10
  5342 | D:7      | Found Wyuhic's Magic Scroll Boutique.
  5392 | D:7      | Found Gadi's Armour Shop.
  5766 | D:8      | Found a sand-covered staircase.
  5771 | Ossuary  | Entered an ossuary
  6095 | D:8      | Reached skill level 1 in Fighting
  6102 | D:8      | Reached skill level 15 in Unarmed Combat
  6259 | D:8      | Reached *** piety under Hepliaklqana
  6327 | D:9      | Noticed Grum
  6340 | D:8      | HP: 19/76 [wolf[Grum] (6)]
  6404 | D:9      | Reached skill level 2 in Fighting
  6485 | D:9      | Killed Grum
  6604 | D:9      | You pick up a book of Hexes and begin reading...
  6604 | D:9      | You add the spells Inner Flame, Cause Fear and Discord to
                  | your library.
  6610 | D:9      | Identified the +7 trident of the Elven Halls {heavy, rC+
                  | Will+ Str-2}
  6620 | D:9      | Reached skill level 3 in Fighting
  7025 | D:10     | Entered Level 10 of the Dungeon
  7029 | D:10     | Reached skill level 4 in Fighting
  7056 | D:10     | Found a white marble altar of Elyvilon.
  7314 | D:10     | Reached skill level 5 in Fighting
  7323 | D:10     | Reached skill level 6 in Fighting
  7426 | D:10     | Found a runed translucent gate.
  7426 | D:10     | Found a runed translucent gate.
  7426 | D:10     | Found a runed translucent gate.
  7426 | D:10     | Noticed Jackthecabe's ghost (journeyman VSBr)
  7428 | D:10     | Found a basalt altar of Yredelemnul.
  7431 | D:10     | Paralysed by a hornet for 2 turns
  7448 | D:10     | Reached skill level 2 in Transmutations
  7615 | D:10     | Noticed a five-headed hydra
  7620 | D:10     | HP: 13/90 [seven-headed hydra (11)]
  7621 | D:10     | HP: 3/90 [eight-headed hydra (10)]
  7621 | D:10     | Slain by an eight-headed hydra

Vanquished Creatures
  Pikel (D:5)
  Grinder (D:3)
  Prince Ribbit (D:7)
  Sigmund (D:2)
  Grum (D:9)
  7 yaks
  A wyvern (D:8)
  An acid dragon (D:10)
  5 water moccasins
  2 black bears
  A sky beast (D:7)
  An orc warrior (D:9)
  2 ice beasts
  2 wolves
  An ogre (D:4)
  3 centaurs
  2 kobold brigands
  2 bullfrogs
  6 scorpions
  6 wights (D:6)
  4 centaur zombies
  4 jellies
  4 hounds
  7 orc priests
  3 gnoll boudas
  A sleepcap (D:6)
  3 iguanas
  Natasha (twice) (D:2)
  8 orc wizards
  4 mummies (Ossuary)
  12 gnolls
  8 adders
  A white imp (D:5)
  2 worms
  16 orcs
  4 endoplasms
  3 giant cockroaches
  5 goblins
  3 hobgoblins
  30 kobolds
  A quokka (D:2)
  3 ball pythons
  A bat (D:2)
  A frilled lizard (D:2)
  A gnoll zombie (Ossuary)
  3 hobgoblin zombies (Ossuary)
  2 orc zombies (Ossuary)
  3 rats
186 creatures vanquished.

Vanquished Creatures (collateral kills)
  An unseen horror (D:10)
  A hornet (D:10)
  A wraith (D:10)
  An orc warrior (D:9)
  A wolf (D:9)
  A kobold brigand (D:10)
  A gnoll sergeant (D:10)
  A bullfrog (D:8)
  An orc priest (D:9)
  A gnoll bouda (D:7)
  2 orc wizards
  2 gnolls
  6 orcs
  4 kobolds
24 creatures vanquished.

Vanquished Creatures (others)
  A wizard (D:3)
  An ancestor (D:6)
  11 plants (D:5)
13 creatures vanquished.

Grand Total: 223 creatures vanquished

Table legend:
 A = Non-vault XP
 B = Vault XP
 C = Vault XP percentage of total XP
 D = Non-vault monster count
 E = Vault monster count
 F = Vault count percentage of total count
                 A         B        C        D         E       F
            +---------+---------+-------+---------+---------+-------
      Total |    6902 |    4024 |  36.8 |     148 |      62 |  29.5
            +---------+---------+-------+---------+---------+-------
        D:1 |       5 |       0 |   0.0 |       4 |       0 |   0.0
        D:2 |      79 |     272 |  77.5 |      13 |       6 |  31.6
        D:3 |      73 |     277 |  79.1 |       8 |       1 |  11.1
        D:4 |     433 |       0 |   0.0 |      13 |       0 |   0.0
        D:5 |     627 |     945 |  60.1 |      12 |      26 |  68.4
        D:6 |    1170 |     367 |  23.9 |      28 |       4 |  12.5
        D:7 |     902 |     505 |  35.9 |      19 |       3 |  13.6
        D:8 |     825 |     115 |  12.2 |      17 |       1 |   5.6
        D:9 |     610 |     433 |  41.5 |      18 |       3 |  14.3
       D:10 |    2178 |     937 |  30.1 |      16 |       6 |  27.3
    Ossuary |       0 |     173 | 100.0 |       0 |      12 | 100.0
            +---------+---------+-------+---------+---------+-------

Illustrated notes

Table legend:
 A = Kills in this place as a percentage of kills in the entire game.
 B = Kills by you in this place as a percentage of kills by you in the entire game.
 C = Kills by friends in this place as a percentage of kills by friends in the entire game.
 D = Other kills in this place as a percentage of other kills in the entire game.
 E = Experience gained in this place as a percentage of experience gained in the entire game.
 F = Experience gained in this place divided by the number of levels of this place that you have seen.
                   A       B       C       D       E      F
               +-------+-------+-------+-------+-------+----------------------
         Total | 100.0 | 100.0 | 100.0 | 100.0 | 100.0 | 910.5
       Dungeon |  94.3 |  93.5 | 100.0 | 100.0 |  98.4 | 1075.3
       Ossuary |   5.7 |   6.5 |   0.0 |   0.0 |   1.6 | 173.0
               +-------+-------+-------+-------+-------+----------------------

Table legend: (Time is in decaauts)
 A = Elapsed time spent in this place.
 B = Non-inter-level travel time spent in this place.
 C = Inter-level travel time spent in this place.
 D = Time resting spent in this place.
 E = Time spent auto-exploring this place.
 F = Levels seen in this place.
 G = Mean time per level.
                   A        B        C        D        E       F      G
               +--------+--------+--------+--------+--------+-----+--------+
         Total |   7496 |   7315 |    181 |     70 |   5872 |  12 |  624.7 |
       Dungeon |   7244 |   7063 |    181 |     70 |   5733 |  10 |  724.4 |
        Temple |     82 |     82 |      0 |      0 |     57 |   1 |   82.0 |
       Ossuary |    168 |    168 |      0 |      0 |     82 |   1 |  168.0 |
               +--------+--------+--------+--------+--------+-----+--------+

Top non-repeatable levels by time:
     D:6: 992 daAuts
     D:5: 944 daAuts
     D:7: 873 daAuts
     D:4: 779 daAuts
     D:2: 732 daAuts
     D:8: 619 daAuts
     D:1: 591 daAuts
    D:10: 586 daAuts
     D:9: 578 daAuts
     D:3: 546 daAuts
 Ossuary: 168 daAuts
  Temple: 82 daAuts
